Map: 오토메이턴 - 래더

Players

Dear - Winner!

  • Race: Protoss Protoss
  • Spawn Location: 3:00

HeRoMaRinE

  • Race: Terran Terran
  • Spawn Location: 9:00

Event: IEM Season 13: Katowice (2019)

VOD

Have the link to the VOD?

Description

Time

  • Played on: Feb. 25, 2019, 8:13 a.m.
  • Length: 12:00

All games in this series

Show
View Real Time Build Order
Export as new Build Order

Dear Protoss - Winner!

Build Orders: 1 Gate Expand, Oracle Opening 

Get SALT Encoding   

  12  0:00  Probe  
  13  0:12  Probe  
  14  0:17  Pylon  
  14  0:24  Probe  
  15  0:32  Probe  
  15  0:38  Gateway  
  15  0:40  Probe  
  16  0:47  Assimilator  
  17  0:51  Probe  
  18  1:03  Probe  
  19  1:15  Probe  
  20  1:24  Nexus  
  20  1:35  Cybernetics Core  
  20  1:39  Probe  
  21  1:44  Assimilator  
  21  1:52  Probe  
  22  1:55  Pylon  
  22  2:03  Adept  
  22  2:04  Probe  
  25  2:16  Probe  
  25  2:18  Stargate  
  26  2:23  Adept  
  26  2:24  Warp Gate  
  26  2:28  Probe  
  26  2:32  Probe  
  29  2:40  Probe  
  29  2:41  Probe  
  30  2:51  Probe  
  31  2:52  Oracle  
  31  2:53  Adept, Probe  
  35  3:05  Probe  
  39  3:09  Probe  
  39  3:12  Pylon  
  40  3:17  Probe  
  41  3:20  Oracle  
  41  3:21  Probe  
  42  3:29  Probe  
  42  3:33  Probe  
  47  3:42  Gateway  
  47  3:43  Gateway  
  47  3:44  Probe  
  47  3:45  Probe  
  49  4:02  Nexus  
  49  4:03  Pylon  
  49  4:06  Probe  
  49  4:07  Probe  
  51  4:16  Assimilator  
  50  4:18  Probe  
  50  4:19  Probe  
  50  4:20  Assimilator  
  52  4:29  Forge  
  52  4:30  Twilight Council, Probe  
  52  4:31  Probe  
  54  4:34  Pylon  
  54  4:37  Blink  
  54  4:41  Protoss Ground Weapons Level 1  
  54  4:43  Probe x2  
  53  4:55  Sentry x3, Probe x2  
  61  5:07  Probe  
  61  5:08  Probe  
  61  5:12  Gateway  
  61  5:14  Gateway  
  63  5:16  Gateway  
  63  5:18  Probe  
  63  5:19  Probe  
  63  5:20  Probe  
  66  5:26  Stalker  
  66  5:27  Stalker  
  68  5:31  Probe x2  
  68  5:33  Stalker  
  72  5:36  Probe  
  72  5:41  Gateway  
  73  5:43  Gateway  
  73  5:47  Probe x2  
  73  5:49  Probe  
  76  5:53  Pylon  
  76  5:56  Pylon  
  76  5:59  Probe x2  
  76  6:01  Probe, Pylon  
  79  6:10  Stalker x3  
  85  6:15  Stalker  
  85  6:18  Stalker  
  89  6:22  Protoss Ground Armor Level 1  
  89  6:24  Stalker  
  91  6:26  Pylon  
  91  6:27  Charge  
  91  6:30  Photon Cannon  
  91  6:35  Robotics Facility  
  89  6:43  Stalker x4  
  97  6:54  Stalker x3  
  99  6:58  Assimilator  
  101  7:02  Assimilator  
  101  7:08  Stalker x3  
  101  7:12  Pylon  
  107  7:22  Stalker x2  
  109  7:23  Stalker  
  109  7:26  Zealot x2  
  113  7:35  Stalker x3  
  93  7:48  Stalker x5  
  93  7:49  Observer  
  104  8:03  Photon Cannon  
  104  8:06  Robotics Bay  
  104  8:07  Observer  
  104  8:11  Zealot x2  
  104  8:12  Zealot x2  
  113  8:14  Pylon  
  113  8:15  Pylon  
  113  8:21  Protoss Ground Weapons Level 2  
  113  8:27  Robotics Facility  
  113  8:35  Colossus  
  113  8:36  Pylon  
  113  8:53  Extended Thermal Lance  
  119  8:56  Zealot  
  119  8:57  Zealot x7  
  119  8:58  Colossus  
  135  9:11  Probe  
  135  9:15  Colossus  
  140  9:17  Nexus  
  146  9:33  Photon Cannon  
  146  9:38  Pylon x2, Colossus  
  144  9:40  Forge, Pylon  
  144  9:42  Pylon  
  142  10:11  Warp Prism  
  142  10:12  Probe x3  
  142  10:13  Zealot x5  
  142  10:14  Zealot x3  
  161  10:16  Templar Archives  
  153  10:35  Zealot  
  143  10:59  Stalker x8  
  155  11:18  Pylon  
  155  11:22  High Templar x5  
  155  11:23  Zealot x2, High Templar  
  171  11:26  Archon x2  
  171  11:28  Archon  
  171  11:35  Gateway  
  171  11:36  Gateway  
  171  11:39  Dark Shrine  
  117  11:57  Zealot x8  
Show
View Real Time Build Order
Export as new Build Order

HeRoMaRinE Terran 

Build Orders: Reaper Expand 

Get SALT Encoding   

  12  0:00  SCV  
  13  0:12  SCV  
  14  0:18  Supply Depot  
  14  0:25  SCV  
  15  0:40  SCV  
  15  0:41  Barracks  
  16  0:45  Refinery  
  16  0:52  SCV  
  17  1:04  SCV  
  18  1:16  SCV  
  19  1:28  Reaper  
  19  1:29  Orbital Command  
  20  1:43  Command Center  
  20  1:54  SCV, Supply Depot  
  20  2:01  Barracks Reactor  
  21  2:06  SCV  
  21  2:07  Refinery  
  22  2:18  SCV  
  23  2:26  Factory  
  23  2:30  SCV  
  23  2:36  Marine x2  
  26  2:42  SCV  
  27  2:54  Marine x2  
  27  2:55  SCV  
  30  3:07  SCV  
  30  3:08  Orbital Command  
  30  3:11  Factory Tech Lab  
  30  3:12  Marine x2  
  33  3:13  Starport  
  33  3:19  SCV  
  34  3:29  Barracks  
  34  3:31  SCV, Cyclone  
  37  3:34  Marine  
  37  3:35  Marine  
  37  3:40  SCV  
  40  3:44  SCV  
  41  3:51  Supply Depot  
  41  3:52  SCV, Marine  
  41  3:53  Starport Tech Lab  
  42  3:57  SCV  
  41  4:05  SCV  
  41  4:06  Barracks, Marine  
  41  4:09  SCV  
  44  4:10  Marine  
  44  4:15  Raven  
  44  4:17  SCV  
  47  4:18  Engineering Bay  
  47  4:21  SCV  
  48  4:26  Stimpack  
  48  4:29  SCV  
  48  4:30  Marine x3  
  52  4:33  SCV  
  53  4:39  Factory Tech Lab  
  53  4:41  SCV  
  53  4:45  SCV  
  52  4:47  Terran Infantry Weapons Level 1  
  52  4:50  Refinery  
  54  4:56  Supply Depot  
  54  4:57  SCV x2  
  54  4:59  Supply Depot  
  54  5:02  Factory Reactor  
  54  5:08  Starport Reactor  
  54  5:10  Combat Shield  
  54  5:18  Marauder x2, SCV x2, Marine x2  
  54  5:19  Supply Depot  
  61  5:30  SCV x2  
  63  5:36  Marine x2  
  63  5:41  Supply Depot  
  63  5:42  SCV x2  
  67  5:44  Medivac x2  
  67  5:46  Marauder x2  
  67  5:49  Supply Depot  
  75  5:54  Missile Turret, SCV x2  
  75  5:55  Marine  
  78  5:58  Missile Turret  
  78  6:03  Marine  
  79  6:07  Marine x2  
  81  6:12  SCV x2  
  81  6:13  Marine  
  81  6:14  Medivac x2  
  81  6:18  Widow Mine x2  
  92  6:21  Supply Depot, Marine  
  92  6:32  Marauder  
  94  6:35  Concussive Shells  
  94  6:37  Marauder  
  94  6:42  Marine x2  
  94  6:46  Terran Infantry Armor Level 1  
  94  6:47  Command Center  
  94  6:53  Marauder  
  96  6:59  Marauder, Marine x2  
  96  7:00  Supply Depot  
  102  7:01  Widow Mine  
  102  7:04  Refinery  
  102  7:15  Widow Mine  
  104  7:20  Barracks  
  104  7:23  Barracks  
  104  7:27  Marauder x2  
  105  7:33  Marine x2  
  105  7:36  Widow Mine, Medivac x2  
  104  7:38  Widow Mine, SCV x2  
  97  7:48  Marine x2  
  87  7:52  Armory  
  87  7:53  SCV x2  
  87  7:55  Engineering Bay, Marine  
  87  7:56  Marine  
  91  8:00  Orbital Command  
  91  8:05  SCV x2  
  93  8:09  Barracks Tech Lab, Barracks Reactor  
  93  8:10  Marauder  
  95  8:14  Marauder  
  95  8:15  Marine x2  
  98  8:30  Marauder  
  98  8:32  Marauder  
  98  8:33  Marine x2  
  95  8:43  Marauder  
  95  8:47  Marine x2  
  96  8:48  Medivac  
  96  8:49  SCV, Medivac  
  96  8:50  Terran Infantry Weapons Level 2, SCV  
  96  8:51  Marine  
  96  8:52  Marauder, Orbital Command, Marine  
  96  8:53  Marine  
  96  8:54  Terran Infantry Armor Level 2  
  105  9:01  SCV  
  105  9:02  SCV  
  107  9:04  Marine x2  
  107  9:05  Marine  
  107  9:07  Starport  
  107  9:09  Marine  
  111  9:10  Marine  
  111  9:13  Marine x2  
  111  9:14  SCV x2  
  116  9:21  SCV  
  114  9:25  Viking x2  
  114  9:26  SCV  
  114  9:27  SCV  
  120  9:32  Refinery  
  120  9:33  Refinery, SCV  
  120  9:38  SCV  
  121  9:39  SCV  
  119  9:45  SCV  
  119  9:51  Marauder  
  118  9:52  Marine  
  118  9:55  Viking x2  
  118  9:56  Marine x2  
  118  9:58  Viking x2  
  118  9:59  Marine  
  127  10:02  Ghost Academy  
  127  10:03  Marauder  
  132  10:10  Marine  
  132  10:13  Marauder  
  133  10:15  Marine x2  
  133  10:16  Marine  
  133  10:20  Supply Depot  
  133  10:25  Viking x2  
  132  10:29  Supply Depot  
  132  10:33  Viking x2  
  136  10:37  Marauder x2  
  136  10:39  Marine  
  137  10:43  Marauder  
  129  10:55  Viking  
  118  11:00  Marauder, Viking  
  118  11:03  Viking x2  
  122  11:06  Marauder  
  124  11:12  Marauder  
  124  11:14  Marine x2  
  124  11:15  Marine  
  124  11:17  Marine  
  130  11:22  Marauder  
  132  11:27  Marauder  
  132  11:32  Marine x2  
  136  11:33  Marine x2  

Tags
 
Add a new tag
Caveats
  • Supply blocks, unpowered buildings, or Contaminate may cause inaccurate times.
  • Supply counts are checked every 10 seconds.